 Dungeon Crawl Stone Soup version 0.25-a0-55-g0753fd1ad2 (webtiles) character file.

Game seed: 15945718452927289983, levelgen mode: deterministic

35 Gumption the Purveyor of Pain (level 3, -3/24 HPs)
             Began as a Demonspawn Necromancer on Oct 25, 2019.
             Was an Initiate of Kikubaaqudgha.
             Slain by a gnoll (8 damage)
             ... on level 2 of the Dungeon.
             The game lasted 00:25:03 (2128 turns).

Gumption the Purveyor of Pain (DsNe)                Turns: 2128, Time: 00:25:03

Health: -3/24      AC:  2    Str:  8    XL:     3   Next: 17%
Magic:  0/6        EV: 12    Int: 17    God:    Kikubaaqudgha [......]
Gold:   85         SH:  0    Dex: 13    Spells: 5/7 levels left

rFire    . . .     SeeInvis .   a - +0 dagger
rCold    . . .     Gourm    .   (no shield)
rNeg     . . .     Faith    .   m - +0 robe
rPois    .         Spirit   .   (no helmet)
rElec    .         Reflect  .   b - scarf {repulsion}
rCorr    .         Harm     .   (no gloves)
MR       .....                  (no boots)
Stlth    ++........             (no amulet)
HPRegen  0.08/turn              (no ring)
MPRegen  0.10/turn              (no ring)

@: repel missiles
A: claws 1
a: Renounce Religion


You were on level 2 of the Dungeon.
You worshipped Kikubaaqudgha.
Kikubaaqudgha was noncommittal.
You were not hungry.

You visited 1 branch of the dungeon, and saw 2 of its levels.

You collected 85 gold pieces.

Inventory:

Hand Weapons
 a - a +0 dagger (weapon)
 h - a +2 mace of crushing
 l - a +0 hunting sling
 n - a +0 hunting sling
Missiles
 d - 45 stones (quivered)
Armour
 b - a scarf of repulsion (worn)
 m - a +0 robe (worn)
Jewellery
 k - an uncursed ring of see invisible {unknown}
Scrolls
 c - a scroll of identify
 g - a scroll of teleportation {unknown}
 j - a scroll of blinking {unknown}
 o - a scroll of remove curse {unknown}
Potions
 e - a potion of ambrosia
 f - a potion of berserk rage {unknown}
 i - 4 potions of degeneration {unknown}
Comestibles
 p - 2 chunks of flesh


   Skills:
 - Level 1.7 Dodging
 - Level 1.7 Stealth
 + Level 2.5 Spellcasting
 * Level 5.2 Necromancy


You had 5 spell levels left.
You knew the following spells:

 Your Spells              Type           Power        Failure   Level  Hunger
a - Pain                  Necr           ###.         2%          1    #......
b - Animate Skeleton      Necr           N/A          2%          1    #......

Your spell library contained the following spells:

 Spells                   Type           Power        Failure   Level  Hunger
 Vampiric Draining        Necr           ###.......   6%          3    ###....
 Regeneration             Chrm/Necr      ##........   19%         3    ###....
 Animate Dead             Necr           N/A          22%         4    #####..


Dungeon Overview and Level Annotations

Branches:
Dungeon (2/15)

Altars:
Cheibriados
Kikubaaqudgha


Innate Abilities, Weirdness & Mutations

You have sharp fingernails.


Message History

Kikubaaqudgha accepts your kill.
Eat one of 3 chunks of flesh? (ye/n/q)
You eat one of the 3 chunks of flesh.
This raw flesh tastes terrible.
A gnoll comes into view. It is wielding a +0 flail.
The gnoll shouts!
As you read the scroll labeled XATUEZOSHRI, it crumbles to dust.
It is a scroll of identify.
e - a potion of ambrosia A gnoll comes into view.
Casting: Pain (safe; 2% risk of failure)
Confirm with . or Enter, or press ? or * to list all spells.
Aiming: Pain (safe; 2% risk of failure)
Press: ? - help, Shift-Dir - straight line, f - gnoll
Aim: a gnoll (chance to defeat MR: 85%)
The gnoll writhes in agony.
You hit the gnoll.
The gnoll is moderately wounded.
The gnoll hits you!
You die...
Kikubaaqudgha rasps: "You have failed me!
Welcome... death!"

..### ..##. ..##> #
#.#.. #. #.#..
..#.#.##############.#..
.....................#..
#....g.g..).......
#@##############..
#g#.g.........รท...
#.#.############.# #...#
#.# ##### #.# #?# #.#


You could see 3 gnolls.

Vanquished Creatures
  A worm (D:2)
  2 leopard geckos
  A giant cockroach (D:2)
  5 goblins
  3 hobgoblins (D:1)
  3 jackals (D:2)
  5 kobolds (D:1)
  3 bats
  3 rats (D:1)
26 creatures vanquished.

Vanquished Creatures (collateral kills)
  A bat (D:1)
  2 rats (D:1)
3 creatures vanquished.

Grand Total: 29 creatures vanquished

Notes
Turn   | Place    | Note
-------+----------+-------------------------------------------
     0 | D:1      | Gumption the Demonspawn Necromancer began the quest for the
                  | Orb.
     0 | D:1      | Reached XP level 1. HP: 13/13 MP: 3/3
     3 | D:1      | Learned a level 1 spell: Animate Skeleton
   425 | D:1      | Gained mutation: You have sharp fingernails. [demonic
                  | ancestry]
   425 | D:1      | Reached XP level 2. HP: 19/19 MP: 3/5
   918 | D:1      | Reached skill level 5 in Necromancy
  1293 | D:2      | Found a snail-covered altar of Cheibriados.
  1372 | D:2      | Found an ancient bone altar of Kikubaaqudgha.
  1376 | D:2      | Became a worshipper of Kikubaaqudgha
  2054 | D:2      | Reached XP level 3. HP: 11/24 MP: 0/6
  2128 | D:2      | Slain by a gnoll

Levels and vault maps discovered:
D:1:      saegor_arrival_simple_d, layout_rooms
D:2:      layout_basic, lemuel_round_altar, lemuel_crystal_altar,
          lemuel_crystal_altar

Table legend:
 A = Non-vault XP
 B = Vault XP
 C = Vault XP percentage of total XP
 D = Non-vault monster count
 E = Vault monster count
 F = Vault count percentage of total count
                 A         B        C        D         E       F
            +---------+---------+-------+---------+---------+-------
      Total |      51 |       0 |   0.0 |      29 |       0 |   0.0
            +---------+---------+-------+---------+---------+-------
        D:1 |      28 |       0 |   0.0 |      19 |       0 |   0.0
        D:2 |      23 |       0 |   0.0 |      10 |       0 |   0.0
            +---------+---------+-------+---------+---------+-------
